 Dungeon Crawl Stone Soup version 0.31-a0-246-g8cbcc1cb85 (webtiles) character file.

Game seed: 2994743427860647657

134 qw the Shooter (level 5, -1/30 HPs)
             Began as a Gargoyle Hexslinger on July 12, 2023.
             Slain by an orc wizard
             ... wielding a +0 dagger
              (2 damage)
             ... on level 3 of the Dungeon.
             The game lasted 00:01:03 (2371 turns).

qw the Shooter (Gargoyle Hexslinger)                Turns: 2371, Time: 00:01:04

Health: -1/30      AC:  9    Str: 12    XL:     5   Next: 17%
Magic:  6/6        EV: 16    Int: 13    God:
Gold:   68         SH:  0    Dex: 14    Spells: 5/6 levels left

rFire   . . .        Y - +1 sling
rCold   + . .        (no shield)
rNeg    + . .        d - +0 leather armour
rPois   inf          m - +0 helmet
rElec   +            (no cloak)
rCorr   .            a - +0 pair of gloves
SInv    .            (no boots)
Will    .....        (no amulet)
Stlth   +            j - +5 ring of evasion
HPRegen 0.25/turn    q - ring of protection from cold
MPRegen 0.10/turn

%: no passive effects
@: about to teleport
A: sickness immunity, AC +4, negative energy resistance 1, electricity
resistance, torment resistance 1, petrification resistance
a: no special abilities


You were on level 3 of the Dungeon.
You visited 1 branch of the dungeon, and saw 3 of its levels.

You collected 68 gold pieces.


Innate Abilities, Weirdness & Mutations

You are immune to sickness and miasma.
Your stone body is resilient. (AC +4)
You are immune to poison.
You resist negative energy. (rN+)
You are resistant to electric shocks. (rElec)
You are resistant to unholy torment.
You are immune to petrification.


   Skills:
 - Level 2.0 Fighting
 + Level 4.9 Ranged Weapons
 - Level 1.5 Dodging
 - Level 1.0 Spellcasting
 - Level 2.6 Hexes


You had 5 spell levels left.
You knew the following spells:

 Your Spells              Type           Power      Damage    Failure   Level
a - Slow                  Hex            28%        N/A       12%         1

Your spell library contained the following spells:

 Spells                   Type           Power      Damage    Failure   Level
 Inner Flame              Hex/Fire       4%         N/A       52%         3
 Portal Projectile        Hex/Tloc       8%         N/A       52%         3
 Cause Fear               Hex            3%         N/A       75%         4

Inventory:

Hand Weapons
 Y - a +1 sling (weapon)
Armour
 a - a +0 pair of gloves (worn)
 d - a +0 leather armour (worn)
 m - a +0 helmet (worn)
Jewellery
 j - a +5 ring of evasion (left hand)
 q - a ring of protection from cold (right hand)
Scrolls
 f - a scroll of identify
 h - a scroll of noise {unknown}
Potions
 c - a potion of haste
 e - a potion of mutation {unknown}
 l - a potion of heal wounds {unknown}
 p - a potion of brilliance {unknown}

Dungeon Overview and Level Annotations

Branches:
Dungeon (3/15)

Altars:
Elyvilon
Yredelemnul

Shops:
D:3 [


Message History

Something hits you but does no damage.
You hear some strange, mumbled words.
You are more confused.
Something hits you.
You shoot a sling bullet. Something barely misses you.
Something hits you but does no damage. x3
You shoot a sling bullet.
Something hits you but does no damage. x2; Something closely misses you.
You hear some strange, mumbled words.
A puff of flame appears from out of thin air!
The puff of flame misses you.
You shoot a sling bullet.
Something hits you but does no damage. x2; Something barely misses you.
You shoot a sling bullet.
An orc wizard appears from thin air!
Reactivating autopickup.
Something hits you but does no damage.
Deactivating autopickup; reactivate with Ctrl-A.
The orc wizard misses you. Something hits you.
You hear some strange, mumbled words.
A puff of flame appears from out of thin air!
The puff of flame hits you!
The orc wizard hits you with a +0 dagger.
Something hits you but does no damage.
2369 ||| DRINKING potion of curing.
You feel better.
2369 ||| (to cure confusion)
You hear some strange, mumbled words.
A puff of flame appears from out of thin air!
The puff of flame hits you. Something hits you but does no damage.
The orc wizard misses you.
2370 ||| READING scroll of teleportation.
As you read the scroll of teleportation, it crumbles to dust.
You feel strangely unstable. Something hits you.
Something hits you but does no damage.
The orc wizard mumbles some strange words.
The orc wizard flickers and vanishes!
You shoot a sling bullet. Something hits you but does no damage.
Something barely misses you. x2
Something hits you.
You die...

## .. .# .#
.####.##
##.#......
#...)...#
#{{.....#
#@##.#
#.{..#
###..###
#......##.#
#.........#
#.##.#..###
#.##.#..#
#.##.#..#
#.......#


There were no monsters in sight!

Vanquished Creatures
  Terence (D:3)
  5 adders (D:2)
  A worm (D:2)
  3 orcs (D:3)
  3 ball pythons
  6 endoplasms
  A giant cockroach (D:1)
  2 goblins
  4 hobgoblins
  4 jackals (D:1)
  12 kobolds
  A quokka (D:2)
  3 bats
  3 frilled lizards (D:1)
  11 rats
60 creatures vanquished.

Notes
Turn   | Place    | Note
-------+----------+-------------------------------------------
     0 | D:1      | qw the Gargoyle Hexslinger began the quest for the Orb.
     0 | D:1      | Reached XP level 1. HP: 12/12 MP: 2/2
     0 | D:1      | 0 ||| qw: Version: 0.3-a-52-g30416fa
     0 | D:1      | 0 ||| qw: Game counter: 6214
     0 | D:1      | 0 ||| qw: Melee chars always use a shield: true
     0 | D:1      | 0 ||| qw: God list: Okawaru
     0 | D:1      | 0 ||| qw: Allow faded altars: false
     0 | D:1      | 0 ||| qw: Do Orc after clearing Dungeon:15 true
     0 | D:1      | 0 ||| qw: Do second Lair branch before Depths: true
     0 | D:1      | 0 ||| qw: Lair rune preference: random
     0 | D:1      | 0 ||| qw: Goals: Normal
     0 | D:1      | 0 ||| PLANNING D:1-11
    70 | D:1      | Reached XP level 2. HP: 16/16 MP: 3/3
   157 | D:1      | Reached skill level 3 in Ranged Weapons
   431 | D:1      | Reached XP level 3. HP: 21/21 MP: 4/4
   651 | D:1      | 651 ||| Stepping ~*~*~tactically~*~*~ (outnumbered).
   653 | D:1      | 653 ||| Stepping ~*~*~tactically~*~*~ (outnumbered).
   656 | D:1      | 656 ||| Stepping ~*~*~tactically~*~*~ (outnumbered).
  1067 | D:1      | 1067 ||| UPGRADING to +0 leather armour.
  1077 | D:1      | 1077 ||| DROPPING +0 robe.
  1078 | D:1      | 1078 ||| UPGRADING to +0 helmet.
  1083 | D:1      | 1083 ||| UPGRADING to +5 ring of evasion.
  1084 | D:1      | 1084 ||| UPGRADING to ring of protection from cold.
  1085 | D:1      | 1085 ||| READING 3 scrolls labelled GEFFUBUWIYZA.
  1086 | D:1      | 1086 ||| READING 2 scrolls labelled EPLO SUANIA.
  1087 | D:1      | 1087 ||| READING scroll labelled BOUHUZ YPLAAR.
  1091 | D:1      | 1091 ||| READING 2 scrolls labelled ULEBUKHLAIRGH.
  1092 | D:1      | 1092 ||| READING scroll labelled BIEJOR HUATHE.
  1093 | D:1      | 1093 ||| READING scroll labelled YCOASA NYMIABB.
  1094 | D:1      | 1094 ||| DROPPING 2 scrolls of butterflies.
  1095 | D:1      | 1095 ||| DROPPING scroll of poison.
  1096 | D:1      | 1096 ||| DROPPING scroll of immolation.
  1230 | D:2      | Reached XP level 4. HP: 26/26 MP: 5/5
  1538 | D:2      | Found a faded altar of an unknown god.
  1565 | D:2      | 1565 ||| DROPPING ring of wizardry.
  1566 | D:2      | 1566 ||| READING 3 scrolls labelled OFED RIMIRR.
  1567 | D:2      | 1567 ||| READING 3 scrolls of identify.
  1567 | D:2      | 1567 ||| IDENTIFYING coppery potion
  1568 | D:2      | 1568 ||| READING 2 scrolls of identify.
  1568 | D:2      | 1568 ||| IDENTIFYING fizzy ruby potion
  1569 | D:2      | 1569 ||| DROPPING 2 scrolls of amnesia.
  1579 | D:2      | Reached skill level 4 in Ranged Weapons
  1951 | D:2      | 1951 ||| UPGRADING to +0 pair of gloves.
  1956 | D:2      | 1956 ||| READING 2 scrolls of identify.
  1956 | D:2      | 1956 ||| IDENTIFYING smoky sapphire potion
  1957 | D:2      | 1957 ||| DROPPING potion of lignification.
  2027 | D:3      | Found a white marble altar of Elyvilon.
  2028 | D:3      | Noticed Terence
  2047 | D:3      | Killed Terence
  2048 | D:3      | Reached XP level 5. HP: 13/30 MP: 6/6
  2260 | D:3      | Found Renomp's Antique Armour Shop.
  2267 | D:3      | Found a basalt altar of Yredelemnul.
  2268 | D:3      | 2268 ||| SHOPLISTING ring mail (112 gold, have 68).
  2340 | D:3      | 2340 ||| Stepping ~*~*~tactically~*~*~ (outnumbered).
  2347 | D:3      | 2347 ||| DRINKING 2 potions of curing.
  2347 | D:3      | 2347 ||| (to cure confusion)
  2368 | D:3      | HP: 4/30 [something/puff of flame (7)]
  2369 | D:3      | 2369 ||| DRINKING potion of curing.
  2369 | D:3      | 2369 ||| (to cure confusion)
  2370 | D:3      | 2370 ||| READING scroll of teleportation.
  2370 | D:3      | HP: 1/30 [something (3)]
  2371 | D:3      | Slain by an orc wizard

Levels and vault maps discovered:
D:1:      dpeg_arrival_round_b, layout_basic, lexackson_kobold_supper
D:2:      minmay_general_purpose_star, layout_basic,
          dreamdust_ecumenical_altar_sealed_demon
D:3:      layout_loops_cross, elyvilon_altar_5, nicolae_overflow_hidden_temple,
          nicolae_overflow_ecumenical_swirl, serial_shops, shop,
          corexii_item_surrounded_by_moat, uniq_terence, uniq_ijyb

Skill      XL: |  1  2  3  4 |
---------------+-------------+-----
Ranged Weapons | 3 4 |  4.9
Fighting       | 2 |  2.0
Dodging        | |  1.5
Spellcasting   | |  1.0
Hexes          | |  2.6

Action                     |  1- 3 |  4- 6 || total
---------------------------+-------+-------++-------
   Fire: Sling             |   119 |   105 ||   224
    Use: Scroll            |     6 |     5 ||    11
         Potion            |       |     2 ||     2
 Armour: Robe              |     8 |       ||     8
         Leather armour    |     6 |    54 ||    60
  Dodge: Dodged            |    54 |    57 ||   111

Table legend:
 A = Non-vault XP
 B = Vault XP
 C = Vault XP percentage of total XP
 D = Non-vault monster count
 E = Vault monster count
 F = Vault count percentage of total count
                 A         B        C        D         E       F
            +---------+---------+-------+---------+---------+-------
      Total |     118 |      74 |  38.5 |      48 |      12 |  20.0
            +---------+---------+-------+---------+---------+-------
        D:1 |      35 |      10 |  22.2 |      23 |       8 |  25.8
        D:2 |      68 |      28 |  29.2 |      19 |       3 |  13.6
        D:3 |      15 |      36 |  70.6 |       6 |       1 |  14.3
            +---------+---------+-------+---------+---------+-------
